 Dungeon Sprint DCSS version 0.30.1-11-g7821555f0a (webtiles) character file.

Game seed: 9160789729898026060

7727 Groucho the Unseen (level 11, -3/82 HPs)
             Began as a Spriggan Enchanter on Dec 24, 2023.
             Was a High Priest of Dithmenos.
             Succumbed to a death drake's dark miasma
             ... in the Dungeon (Sprint II: "The Violet Keep of Menkaure").
             The game lasted 00:09:13 (1405 turns).

Groucho the Unseen (Spriggan Enchanter)             Turns: 1405, Time: 00:09:14

Health: -3/82      AC:  2    Str:  4    XL:     11   Next: 0%
Magic:  26/27      EV: 19    Int: 21    God:    Dithmenos [*****.]
Gold:   509        SH:  0    Dex: 16    Spells: 18/32 levels left

rFire   . . .        a - +1 dagger
rCold   x . .        (no shield)
rNeg    . . .        b - +0 robe
rPois   .            (helmet restricted)
rElec   .            (no cloak)
rCorr   .            (gloves unavailable)
SInv    +            (boots unavailable)
Will    +....        (no amulet) Stlth
                     f - ring of flight
HPRegen 0.33/turn    (no ring)
MPRegen 0.20/turn

%: no teleportation
@: berserking, lethally poisoned (-3 -> -30), flying, slowed, wreathed by umbra,
very quick
A: very small, no large weapons, unfitting armour, see invisible, speed 3, cold
vulnerability 1
a: Renounce Religion, Shadow Step, Shadow Form


You were in the Dungeon.
You worshipped Dithmenos.
Dithmenos was extremely pleased with you.
You visited 1 branch You collected 1296 gold pieces.
You spent 787 gold pieces at shops.

Inventory:

Hand Weapons
 a - a +1 dagger (weapon)
Armour
 b - a +0 robe (worn)
 c - a +0 troll leather armour
Jewellery
 f - a ring of flight (left hand)
Scrolls
 j - a scroll of magic mapping {unknown}
Potions
 g - 2 potions of magic


   Skills:
 - Level 5.0 Fighting
 + Level 10.9 Short Blades
 - Level 5.0 Dodging
 - Level 15.0 Stealth
 - Level 11.0 Spellcasting
 * Level 9.4 Conjurations
 - Level 14.0 Hexes
 * Level 10.3 Fire Magic


You had 18 spell levels left.
You knew the following spells:

 Your Spells              Type           Power      Damage    Failure   Level
a - Ensorcelled Hibernat  Hex/Ice        80%        N/A       1%          2
b - Confusing Touch       Hex            63%        N/A       1%          3
c - Dazzling Flash        Conj/Hex       100%       N/A       1%          3
d - Starburst             Conj/Fire      26%        6d8       16%         6

Your spell library contained the following spells:

 Spells                   Type           Power      Damage    Failure   Level
 Tukima's Dance           Hex            63%        N/A       1%          3
 Volatile Blastmotes      Fire/Tloc      66%        2d15      1%          3
 Iskenderun's Mystic Bla  Conj/Tloc      31%        2d8       9%          4


Dungeon Overview and Level Annotations

Branches:
Dungeon (1/1)

Altars:
Cheibriados
Dithmenos
Elyvilon
Fedhas
Gozag
Hepliaklqana
Kikubaaqudgha
Makhleb
Nemelex Xobeh
Okawaru
Qazlal
Ru
Sif Muna
Trog
Uskayaw
Vehumet
Wu Jian
Xom
Yredelemnul
Zin
The Shining One
Jiyva
Lugonu

Shops:
D :!:=[[!*[*?(*=[

Annotations:
D exclusion: oklob plant


Innate Abilities, Weirdness & Mutations

You are very small and have problems with some larger weapons.
You are too small for most types of armour.
You have supernaturally acute eyesight. (SInv)
You cover ground extremely quickly. (Speed+++)
You are vulnerable to cold. (rC-)


Message History

Okay, then.
You are engulfed in noxious fumes.
You choke on the stench!
You are confused.
You feel sick.
You are engulfed in noxious fumes.
You feel sick.
You bump into the stone wall.
You are engulfed in noxious fumes.
You choke on the stench!
You are more confused.
You feel sick.
You are no longer poisoned.
You feel better.
A crystal guardian comes into view.
The death drake breathes miasma at you. The foul vapour engulfs you.
You are poisoned.
Really fly into a travel-excluded area? [Y]es or [N]o only, please.
Really fly into a travel-excluded area?
Okay, then.
Unknown command.
Really fly into a travel-excluded area?
You are engulfed in dark miasma.
You are more poisoned.
You feel extremely sick.
You are engulfed in dark miasma.
You are more poisoned.
You feel yourself slow down.
You feel extremely sick.
Hit: a) +1 dagger
Press: ? - help, Dir - move target, f - you
Okay, then.
You feel extremely sick.
* * * LOW HITPOINT WARNING * * *
You feel extremely sick.
* * * LOW HITPOINT WARNING * * *
You feel extremely sick.
Okay, then.
A red film seems to cover your vision as you go berserk!
You feel yourself moving faster!
You feel mighty!
You die...

~~.## ..#..####^# k# ~~##.
.####..'.##k# =▓!$$))$([ ~~#.†##
...#..#^.k####▓)?([(([$ ####†.#
## ..#####°○##)#▓=?!)([$! #.###+#
#.##..#.°°°°#†.#▓?)$?)$$!
.).##.###..#..#..#°°#†.#▓$?[:?[$$
.#.'.<.'##.'..####°°##.#▓!?![([[)
...##.##.#.#....###k..##▓▓▓▓▓▓▓+▓
#.###'###.##...§@.~~~~~~~~[~§§~.─
####.#.####§~..§..~#+########§###
~~#.†#..#~~~~~~§..~#._._._..#§~~#
#~##.#.##~§§~~§§§.~#.._._._.#~§§§
~~##+##~~~§§§~§~~~#._._._._#~§~§
~~ ~~~~~≈≈§≈~~~#_._._._.#§§§§
++#~§§≈§§≈≈~#._._._..#§§~§
##≈§§###≈≈#_._._...#§~~~
#§§#._._....#~~≈≈


You could see a death drake.

Vanquished Creatures
  A deep elf master archer (D)
  2 boulder beetles (D)
  2 deep trolls (D)
  3 shining eyes (D)
  A merfolk siren (D)
  2 unseen horrors (D)
  A yaktaur (D)
  3 polar bears (D)
  A hornet (D)
  3 yaks (D)
  4 neqoxecs (D)
  Menkaure (D)
  3 water moccasins (D)
  2 worms (D)
29 creatures vanquished.

Vanquished Creatures (others)
  A water moccasin (D)
  20 tentacles (D)
21 creatures vanquished.

Grand Total: 50 creatures vanquished

Notes
Turn   | Place    | Note
-------+----------+-------------------------------------------
     0 | D        | Groucho the Spriggan Enchanter began the quest for the Orb.
     0 | D        | Reached XP level 1. HP: 9/9 MP: 5/5
    12 | D        | Reached skill level 5 in Stealth
    17 | D        | Noticed a neqoxec
    23 | D        | Noticed a neqoxec
    24 | D        | Killed a neqoxec
    25 | D        | Reached skill level 5 in Short Blades
    25 | D        | Reached skill level 5 in Dodging
    25 | D        | Reached skill level 8 in Stealth
    25 | D        | Reached skill level 5 in Spellcasting
    25 | D        | Reached skill level 5 in Hexes
    25 | D        | Reached XP level 2. HP: 16/16 MP: 6/9
    25 | D        | Reached XP level 3. HP: 20/20 MP: 6/10
    25 | D        | Reached XP level 4. HP: 24/24 MP: 7/12
    30 | D        | Killed a neqoxec
    31 | D        | Reached skill level 5 in Fighting
    31 | D        | Reached skill level 12 in Stealth
    31 | D        | Reached XP level 5. HP: 17/30 MP: 7/13
    31 | D        | Noticed a neqoxec
    31 | D        | Noticed a neqoxec
    33 | D        | Killed a neqoxec
    34 | D        | Reached skill level 15 in Stealth
    34 | D        | Reached XP level 6. HP: 20/35 MP: 7/14
    35 | D        | Killed a neqoxec
    44 | D        | Noticed a boulder beetle
    44 | D        | Noticed a boulder beetle
    47 | D        | Killed a boulder beetle
    48 | D        | Reached XP level 7. HP: 24/39 MP: 8/15
    48 | D        | Reached XP level 8. HP: 27/43 MP: 8/16
    50 | D        | Killed a boulder beetle
    51 | D        | Reached skill level 10 in Short Blades
    59 | D        | Noticed a merfolk siren
    62 | D        | Killed a merfolk siren
    63 | D        | Reached skill level 10 in Spellcasting
    70 | D        | Learned a level 2 spell: Ensorcelled Hibernation
    74 | D        | Learned a level 3 spell: Confusing Touch
    78 | D        | Learned a level 3 spell: Dazzling Flash
    78 | D        | Found Qiahyagg's Magic Scroll Emporium.
    78 | D        | Found Wiug's General Store.
    78 | D        | Found Lointife's Armour Shoppe.
    78 | D        | Found Nebaeth's Antique Armour Emporium.
    78 | D        | Found Ciaf's Antique Weapon Shoppe.
    78 | D        | Found Enwank's Jewellery Shoppe.
    79 | D        | Found Utaxty's General Store.
    79 | D        | Found Tatoiquh's Assorted Antiques.
    80 | D        | Found Buemimm's Distillery.
    80 | D        | Found Qahul's Antique Armour Emporium.
    80 | D        | Noticed Menkaure
   105 | D        | Killed Menkaure
   106 | D        | Reached XP level 9. HP: 41/47 MP: 12/24
   109 | D        | Found Tasojaff's Antique Armour Emporium.
   109 | D        | Found Pehut's Jewellery Shoppe.
   109 | D        | Noticed an oklob plant
   110 | D        | Found Isemuson's Distillery.
   110 | D        | Found Irohotis's Book Shoppe.
   110 | D        | Found Luat Bua's Book Emporium.
   111 | D        | Noticed a great orb of eyes
   185 | D        | Bought a book of Spectacle for 560 gold pieces
   192 | D        | Bought a ring of flight for 227 gold pieces
   224 | D        | Found a glowing silver altar of Zin.
   225 | D        | Found a glowing golden altar of the Shining One.
   225 | D        | Found a basalt altar of Yredelemnul.
   225 | D        | Found a hide-covered altar of Uskayaw.
   226 | D        | Found a shimmering altar of Xom.
   226 | D        | Found a bloodstained altar of Trog.
   227 | D        | Found an ornate altar of the Wu Jian Council.
   227 | D        | Found a shimmering blue altar of Sif Muna.
   227 | D        | Found a corrupted altar of Lugonu.
   227 | D        | Found a radiant altar of Vehumet.
   227 | D        | Found a burning altar of Makhleb.
   228 | D        | Found a sacrificial altar of Ru.
   228 | D        | Found an ancient bone altar of Kikubaaqudgha.
   228 | D        | Found a white marble altar of Elyvilon.
   229 | D        | Found a stormy altar of Qazlal.
   229 | D        | Found a viscous altar of Jiyva.
   229 | D        | Found a shadowy altar of Dithmenos.
   230 | D        | Found a hazy altar of Hepliaklqana.
   230 | D        | Found a snail-covered altar of Cheibriados.
   232 | D        | Found a sparkling altar of Nemelex Xobeh.
   232 | D        | Found a blossoming altar of Fedhas.
   233 | D        | Found an opulent altar of Gozag.
   233 | D        | Found an iron altar of Okawaru.
   238 | D        | Became a worshipper of Dithmenos the Shadowed
   249 | D        | Noticed an unseen horror
   250 | D        | Noticed an unseen horror
   251 | D        | Killed an unseen horror
   253 | D        | Killed an unseen horror
   264 | D        | Noticed a shining eye
   264 | D        | Noticed a shining eye
   264 | D        | Noticed a shining eye
   266 | D        | Killed a shining eye
   266 | D        | Reached * piety under Dithmenos
   267 | D        | Reached skill level 5 in Fire Magic
   268 | D        | Killed a shining eye
   269 | D        | Reached skill level 5 in Conjurations
   269 | D        | Gained mutation: You are vulnerable to cold. (rC-) [a
                  | shining eye]
   275 | D        | Killed a shining eye
   284 | D        | Noticed a deep elf master archer
   286 | D        | Killed a deep elf master archer
   286 | D        | Reached ** piety under Dithmenos
   287 | D        | Reached XP level 10. HP: 51/51 MP: 24/26
   316 | D        | Reached *** piety under Dithmenos
   321 | D        | Reached **** piety under Dithmenos
   331 | D        | Found the ring of the Hare {EV+10}
   335 | D        | Noticed a kraken
   369 | D        | Learned a level 6 spell: Starburst
   940 | D        | Noticed a deep troll
   940 | D        | Noticed a deep troll
   965 | D        | Killed a deep troll
   965 | D        | Reached ***** piety under Dithmenos
   966 | D        | Reached skill level 10 in Fire Magic
   983 | D        | Killed a deep troll
   984 | D        | Reached XP level 11. HP: 5/55 MP: 15/27
  1393 | D        | Noticed a death drake
  1395 | D        | Noticed a death drake
  1398 | D        | Noticed a crystal guardian
  1405 | D        | Succumbed to a death drake's dark miasma

Illustrated notes

Levels and vault maps discovered:
D:        the_violet_keep_of_menkaure [sprint2_stairs_cluster_1,
          sprint2_shoproom, sprint2_temple, sprint2_basic_supplies,
          sprint2_obstacle_6, sprint2_obstacle_5, sprint2_obstacle_2,
          sprint2_obstacle_7, sprint2_obstacle_4, sprint2_timed_cluster_1,
          sprint2_smallroom_cluster_1, sprint2_smallroom_final_cluster_1,
          sprint2_transparent_cluster_1, sprint2_second_timed_cluster_1,
          sprint2_sniper_area_1, sprint2_heavy_combat_area_1,
          sprint2_mutation_trap_area_1, sprint2_forest_area_1,
          sprint2_light_combat_area_1, sprint2_behind_water_1,
          sprint2_near_end_vault_1]

Skill      XL: |  1  2  3  4  5  6  7  8  9 10 |
---------------+-------------------------------+-----
Dodging        | 5 |  5.0
Spellcasting   | 5 10 11 | 11.0
Stealth        | 8 12 15 | 15.0
Hexes          | 5 7 14 | 14.0
Fighting       | 3 5 |  5.0
Short Blades   | 5 6 10 | 10.9
Conjurations   | 7 9 |  9.4
Fire Magic     | 8 10 | 10.3

Action                     |  1- 3 |  4- 6 |  7- 9 | 10-12 || total
---------------------------+-------+-------+-------+-------++-------
  Melee: Dagger            |    10 |     9 |    23 |    22 ||    64
   Cast: Confusing Touch   |       |       |     1 |     1 ||     2
         Dazzling Flash    |       |       |     1 |     1 ||     2
         Ensorcelled Hiber |       |       |       |    15 ||    15
    Use: Potion            |     2 |       |     1 |     3 ||     6
         Scroll            |       |       |       |     1 ||     1
   Stab: Invisible         |     3 |     2 |     2 |       ||     7
         Sleeping          |     2 |     3 |     7 |    14 ||    26
         Confused          |       |       |     1 |     2 ||     3
 Armour: Robe              |       |       |       |     2 ||     2
  Dodge: Dodged            |     2 |       |     1 |    11 ||    14
